 Dungeon Crawl Stone Soup version 0.18-a0-1024-gf1736fb (webtiles) character file.

73 Trivium the Skirmisher (level 4, 27/35 HPs)
             Began as a Demonspawn Fighter on Jan 7, 2016.
             Was a Follower of Ashenzari.
             Quit the game on level 2 of the Dungeon.
             The game lasted 00:01:40 (1749 turns).

Trivium the Skirmisher (Demonspawn Fighter)         Turns: 1749, Time: 00:01:40

Health: 27/35      AC:  6    Str: 18    XL:     4   Next: 8%
Magic:  4/4        EV:  7    Int:  9    God:    Ashenzari [*.....]
Gold:   74         SH:  9    Dex: 12    Spells: 0 memorised, 3 levels left

rFire  . . .     SeeInvis .     a - +0 war axe
rCold  . . .     Gourm    .     b - +0 scale mail
rNeg   . . .     Faith    .     c - +0 shield
rPois  .         Spirit   +     (helmet restricted)
rElec  .         Dismiss  .     (no cloak)
rCorr  .         Reflect  .     (no gloves)
SustAt .         Harm     .     (no boots)
MR     .....                    (no amulet)
Stlth  ..........               (no ring)
                                (no ring)

@: mildly poisoned (27 -> 23), not resistant to hostile enchantments, extremely
unstealthy
A: antennae 1, magic shield
a: Scrying, Renounce Religion


You were on level 2 of the Dungeon.
You worshipped Ashenzari.
Ashenzari was aware of your devotion.
You were not hungry.

You visited 1 branch of the dungeon, and saw 2 of its levels.

You collected 74 gold pieces.

Inventory:

Hand Weapons
 a - a +0 war axe (weapon)
Armour
 b - a +0 scale mail (worn)
 c - a +0 shield (worn)
Scrolls
 i - 3 scrolls of amnesia {unknown}
 l - a scroll of magic mapping {unknown}
 m - a scroll of enchant armour {unknown}
Potions
 d - a potion of might
 e - a potion of agility {unknown}
 h - a potion of curing {unknown}
 j - a potion of brilliance {unknown}
 k - a potion of poison {unknown}
 n - a potion of cancellation {unknown}
 p - a potion of mutation {unknown}
Comestibles
 f - 2 bread rations
 g - a meat ration


   Skills:
 + Level 3.5 Fighting
 + Level 2.0 Axes
 + Level 3.3 Armour
 + Level 1.0 Dodging
 + Level 3.1 Shields


You had 3 spell levels left.
You didn't know any spells.

Dungeon Overview and Level Annotations

Branches:
Dungeon (2/15)

Altars:
Ashenzari


Innate Abilities, Weirdness & Mutations

You have a pair of small antennae on your head.
When hurt, damage is shared between your health and your magic reserves.


Message History

You miss the adder.
The adder is severely wounded.
The adder closely misses you. You block the adder's attack.
You miss the adder.
The adder is severely wounded.
The adder closely misses you. The adder bites you but does no damage.
An adder is nearby!
You barely miss the adder.
The adder is severely wounded.
The adder bites you.
You are poisoned.
The adder poisons you! You block the adder's attack.
An adder is nearby!
You slash the adder!
You kill the adder!
You have reached level 4!
You feel stronger.
Your demonic ancestry asserts itself...
A pair of antennae grows on your head!
You feel sick.
Are you sure you want to abandon this character and quit the game? (Confirm with "yes".)

.................#
##.#....####.###.#
...#.....###.# #.#
####.........# #.#
...†.#.####### #.#
######.# #.# # #.#
#.####### ###
##+## #.......#
..###...##
#@#####.#
..##.....## #†#
..#.......## #..
...........# ....
...........+ ....#
##.........#
.....! ##.......##
.#.#.## ##.....##
#.###.. ##...##


There were no monsters in sight!

Vanquished Creatures
  3 adders (D:2)
  2 giant geckos (D:2)
  3 giant cockroaches (D:1)
  3 goblins
  5 hobgoblins
  7 jackals (D:2)
  2 quokkas (D:2)
  2 bats
  2 giant newts (D:2)
  10 kobolds
  2 rats (D:2)
41 creatures vanquished.

Notes
Turn   | Place    | Note
--------------------------------------------------------------
     0 | D:1      | Trivium the Demonspawn Fighter began the quest for the Orb.
     0 | D:1      | Reached XP level 1. HP: 18/18 MP: 1/1
   257 | D:1      | Gained mutation: When hurt, damage is shared between your health and your magic reserves. [demonic ancestry]
   257 | D:1      | Reached XP level 2. HP: 21/24 MP: 2/2
   976 | D:2      | Reached XP level 3. HP: 29/29 MP: 3/3
  1247 | D:2      | Found a faded altar to an unknown god.
  1294 | D:2      | Became a worshipper of Ashenzari the Shackled
  1294 | D:2      | Reached * piety under Ashenzari
  1323 | D:2      | Reached skill level 1 in Dodging
  1748 | D:2      | Gained mutation: You have a pair of small antennae on your head. [demonic ancestry]
  1748 | D:2      | Reached XP level 4. HP: 28/35 MP: 4/4
  1749 | D:2      | Quit the game

Vault maps used:
D:1:      minmay_arrival_loop, serial_bayou_lake_a
D:2:      ecumenical_altar_1

Action                   |  1- 3 |  4- 6 || total
-------------------------+-------+-------++-------
Melee: War axe           |   168 |       ||   168
  Eat: Chunk             |     3 |       ||     3
